 Dungeon Crawl Stone Soup version 0.25.0-15-gac7dcb8919 (console) character file.

Game seed: 7950431585029821650

203 bli the Insei (level 5, 0/41 HPs)
             Began as a Draconian Transmuter on June 28, 2020.
             Killed from afar by an orc wizard (13 damage)
             ... with a puff of flame
             ... on level 3 of the Dungeon.
             The game lasted 00:09:09 (2617 turns).

bli the Insei (Draconian Transmuter)                Turns: 2617, Time: 00:09:10

Health: 0/41       AC:  5    Str: 18    XL:     5   Next: 51%
Magic:  8/9        EV: 12    Int: 14    God:
Gold:   166        SH:  0    Dex: 12    Spells: 3/9 levels left

rFire    . . .     SeeInvis .     - Unarmed
rCold    . . .     Gourm    .   (no shield)
rNeg     . . .     Faith    .   (armour unavailable)
rPois    .         Spirit   .   (helmet restricted)
rElec    .         Reflect  .   (no cloak)
rCorr    .         Harm     .   (no gloves)
MR       .....                  (no boots)
Stlth    +.........             (no amulet)
HPRegen  0.13/turn              p - +6 ring of strength
MPRegen  0.11/turn              (no ring)

@: confused
A: unfitting armour, cold-blooded, AC +5
a: no special abilities


You were on level 3 of the Dungeon.
You were not hungry.

You visited 1 branch of the dungeon, and saw 3 of its levels.

You collected 166 gold pieces.

Inventory:

Missiles
 a - 53 arrows
 j - 22 poisoned darts (quivered)
 o - 136 stones
Armour
 g - a +0 pair of gloves
Jewellery
 p - a +6 ring of strength (left hand)
Scrolls
 b - 3 scrolls of identify {unknown}
 e - 2 scrolls of remove curse {unknown}
 f - a scroll of enchant armour {unknown}
 h - a scroll of noise {unknown}
 i - a scroll of magic mapping {unknown}
 k - a scroll of immolation {unknown}
 l - 3 scrolls of enchant weapon {unknown}
 n - a scroll of amnesia {unknown}
 r - 4 scrolls of teleportation {unknown}
 s - a scroll of blinking {unknown}
Potions
 m - a potion of mutation {unknown}
 q - a potion of haste {unknown}
 t - a potion of curing {unknown}
 u - 2 potions of flight {unknown}
Comestibles
 c - 6 rations


   Skills:
 * Level 1.9 Fighting
 + Level 2.2 Dodging
 + Level 0.7 Stealth
 + Level 5.1 Unarmed Combat
 * Level 2.7 Spellcasting
 + Level 2.3 Transmutations


You had 3 spell levels left.
You knew the following spells:

 Your Spells              Type           Power        Failure   Level  Hunger
a - Beastly Appendage     Tmut           #.....       9%          1    #......
b - Sticks to Snakes      Tmut           #.......     13%         2    ###....
S - Spider Form           Tmut/Pois      #.........   38%         3    ###....

Your spell library contained the following spells:

 Spells                   Type           Power        Failure   Level  Hunger
 Animate Skeleton         Necr           N/A          22%         1    #......
 Apportation              Tloc           #.....       22%         1    #......
 Corona                   Hex            #......      22%         1    #......
 Summon Small Mammal      Summ           #...         22%         1    #......
 Ice Form                 Ice/Tmut       #.......     80%         4    #####..
 Blade Hands              Tmut           #.........   93%         5    ######.


Dungeon Overview and Level Annotations

Branches:
Dungeon (3/15)

Altars:
Dithmenos
Gozag
Kikubaaqudgha
Makhleb
Zin
The Shining One


Innate Abilities, Weirdness & Mutations

Your plain brown scales are hard. (AC +5)
You cannot fit into any form of body armour.
You are cold-blooded and may be slowed by cold attacks.


Message History

You completely miss something.
Your tail-slap misses something.
Your ball python bites the orc.
Your ball python barely misses the orc.
Something hits you.
Throwing (i - inventory. (/) - cycle)
j - 22 poisoned darts (quivered)
Press: ? - help, Shift-Dir - straight line, f - orc
Aim: an orc, wielding a +0 hand axe (almost dead) Really fire in your ball python's direction?
Uppercase [Y]es or [N]o only, please.
Really fire in your ball python's direction?
Okay, then.
You barely miss something.
An orc wizard appears from thin air!
Reactivating autopickup.
The orc wizard gestures at you while chanting.
You are confused.
Your ball python closely misses the orc wizard. x2
You bump into the rock wall.
The orc wizard gestures at you while chanting.
The puff of flame hits you!
You die...

#.................####........#
................>.............#
#.#...........................#
#
##..........................###
#.....................###....#
.........####<...............#
##...##.......................#
.........#.####...........######
.........#.####...............#
........................##....#
.........#.####@..............#
...........# #.o.......##....#
...........####.o.......##....#
.............###.S.....########
........).##.####.....##
..............#####.###
###########..S.###..###
###.).So..(.# ##.)...####
#######


You could see an orc wizard, an orc and a friendly ball python.

Vanquished Creatures
  Natasha (thrice) (D:2)
  4 adders
  3 worms
  2 dart slugs
  A leopard gecko (D:2)
  5 orcs
  2 ball pythons (D:3)
  3 giant cockroaches (D:2)
  16 goblins
  7 hobgoblins
  2 jackals (D:1)
  A quokka (D:2)
  5 bats
  2 frilled lizards (D:1)
  8 kobolds
  5 rats
69 creatures vanquished.

Vanquished Creatures (collateral kills)
  An adder (D:3)
  An orc (D:3)
  A kobold (D:2)
  A rat (D:2)
4 creatures vanquished.

Grand Total: 73 creatures vanquished

Notes
Turn   | Place    | Note
-------+----------+-------------------------------------------
     0 | D:1      | bli the Draconian Transmuter began the quest for the Orb.
     0 | D:1      | Reached XP level 1. HP: 16/16 MP: 3/3
   209 | D:1      | Reached XP level 2. HP: 22/23 MP: 5/5
   702 | D:1      | Learned a level 2 spell: Sticks to Snakes
   758 | D:2      | Reached XP level 3. HP: 28/28 MP: 0/6
   841 | D:2      | Found a shadowy altar of Dithmenos.
   863 | D:2      | Found a glowing golden altar of the Shining One.
   864 | D:2      | Found a glowing silver altar of Zin.
   865 | D:2      | Found an ancient bone altar of Kikubaaqudgha.
   874 | D:2      | Reached skill level 4 in Unarmed Combat
   943 | D:2      | Noticed Natasha
   952 | D:2      | Killed Natasha
   979 | D:2      | Found a burning altar of Makhleb.
  1025 | D:2      | Reached XP level 4. HP: 35/35 MP: 7/7
  1226 | D:2      | Noticed Natasha
  1235 | D:2      | Killed Natasha
  1437 | D:2      | Found an opulent altar of Gozag.
  1462 | D:2      | Noticed Natasha
  1468 | D:2      | Killed Natasha
  1468 | D:2      | Reached skill level 5 in Unarmed Combat
  1468 | D:2      | Reached XP level 5. HP: 33/41 MP: 4/8
  1615 | D:2      | Learned a level 3 spell: Spider Form
  2617 | D:3      | Killed from afar by an orc wizard

Illustrated notes

Levels and vault maps discovered:
D:1:      tarquinn_simple_flora_water_f, layout_rooms, serial_park_tiny_1,
          minmay_misc_feat_encased
D:2:      layout_rooms, chequers_temple_overflow_statue_of_worship,
          nicolae_overflow_crystal_walls,
          nicolae_gozag_cash_rules_everything_around_me, uniq_natasha
D:3:      layout_rooms, first_ration

Skill      XL: |  1  2  3  4 |
---------------+-------------+-----
Unarmed Combat | 4 5 |  5.1
Dodging        | 2 |  2.2
Fighting       | |  1.9
Stealth        | |  0.7
Spellcasting   | |  2.7
Transmutations | |  2.3

Action                   |  1- 3 |  4- 6 || total
-------------------------+-------+-------++-------
Melee: Unarmed           |    79 |    98 ||   177
       Tailslap          |     6 |    12 ||    18
       Headbutt          |     9 |     9 ||    18
       Kick              |     1 |     3 ||     4
       Punch             |     2 |     4 ||     6
Throw: Boomerang         |       |    15 ||    15
 Cast: Beastly Appendage |    11 |    12 ||    23
       Sticks to Snakes  |     2 |    12 ||    14
 Stab: Distracted        |       |     1 ||     1
  Eat: Chunk             |     1 |     6 ||     7
Armor: Skin              |    18 |    31 ||    49
Dodge: Dodged            |    44 |    72 ||   116
